 Dungeon Crawl Stone Soup version 0.31-a0-1098-g6898e6545c (webtiles) character file.

Game seed: 15190101079482931259

69886 kae the Covert (level 14, -13/108 HPs)
             Began as a Demonspawn Enchanter on Nov 30, 2023.
             Was the Champion of Dithmenos.
             Mangled by a skeletal warrior
             ... wielding a +0 mace
              (18 damage)
             ... on level 12 of the Dungeon.
             The game lasted 00:27:22 (20568 turns).

kae the Covert (Demonspawn Enchanter)              Turns: 20568, Time: 00:27:22

Health: -13/108    AC: 13    Str:  9    XL:     14   Next: 92%
Magic:  20/23      EV: 16    Int: 17    God:    Dithmenos [******]
Gold:   1506       SH:  0    Dex: 20    Spells: 14/25 levels left

rFire   . . .        a - +6 dagger (venom)
rCold   + . .        (no shield)
rNeg    + . .        I - +1 steam dragon scales
rPois   .            (helmet restricted)
rElec   +            R - scarf "Koithrej" {repulsion, rElec rC+ rN+ Dex-3}
rCorr   .            n - +2 pair of gloves
SInv    .            (no boots)
Will    +....        g - amulet of regeneration Stlth *+++++++++
                     L - ring of flight
HPRegen 1.18/turn    D - +6 ring of dexterity
MPRegen 0.18/turn

%: repel missiles
@: confusing by touch, flying, wreathed by umbra
A: horns 1, molten scales 2, foul stench 2, demonic magic 2
a: Renounce Religion, Shadow Step, Shadow Form


You were on level 12 of the Dungeon.
You worshipped Dithmenos.
Dithmenos was exalted by your worship.
You visited 3 branches of the dungeon, and saw 21 of its levels.
You also visited: Ossuary and Bailey.

You collected 1506 gold pieces.


Innate Abilities, Weirdness & Mutations

You have a pair of small horns on your head.
You are mostly covered in molten scales. (AC +3)
You sometimes emit foul miasma when damaged in melee.
Spells you cast may paralyse nearby enemies.


   Skills:
 + Level 9.6 Fighting
 * Level 12.3 Short Blades
 - Level 6.0 Armour
 - Level 6.0 Dodging
 * Level 13.4 Stealth
 - Level 6.1 Spellcasting
 - Level 10.0 Hexes
 - Level 5.0 Ice Magic
 + Level 9.7 Invocations


You had 14 spell levels left.
You knew the following spells:

 Your Spells              Type           Power      Damage    Failure   Level
a - Ensorcelled Hibernat  Hex/Ice        60%        N/A       1%          2
b - Confusing Touch       Hex            39%        N/A       1%          3
c - Tukima's Dance        Hex            39%        N/A       1%          3
d - Dazzling Flash        Conj/Hex       44%        N/A       4%          3

Your spell library contained the following spells:

 Spells                   Type           Power      Damage    Failure   Level
 Ozocubu's Armour         Ice            22%        N/A       4%          3
 Hailstorm                Conj/Ice       13%        3d5       14%         3
 Momentum Strike          Conj/Tloc      10%        3d8       19%         2
 Poisonous Vapours        Pois/Air       10%        N/A       19%         2
 Scorch                   Fire           10%        2d5       19%         2
 Ignite Poison            Fire/Tmut/Pois 5%         N/A       36%         3
 Mephitic Cloud           Conj/Pois/Air  5%         N/A       36%         3
 Summon Ice Beast         Ice/Summ       13%        N/A       41%         4
 Animate Armour           Summ/Erth      10%        N/A       77%         4
 Sticky Flame             Conj/Fire      5%         2d3       77%         4
 Summon Lightning Spire   Summ/Air       5%         N/A       77%         4
 Freezing Cloud           Conj/Ice/Air   5%         6-21      87%         5
 Lee's Rapid Deconstruct  Erth           2%         3d5*      98%         5
 Simulacrum               Ice/Necr       6%         N/A       100%        6
 Starburst                Conj/Fire      2%         6d3       100%        6
 Ozocubu's Refrigeration  Ice            11%        4d9       100%        7
 Ignition                 Fire           2%         3d3       100%        8
 Fire Storm               Conj/Fire      2%         8d1       100%        9

Inventory:

Hand Weapons
 a - a +6 dagger of venom (weapon)
 F - a +3 dagger
   (You took it off a wight on level 7 of the Dungeon)
Armour
 h - a +1 leather armour
   (You found it on level 1 of the Dungeon)
 n - a +2 pair of gloves (worn)
   (You found it on level 4 of the Dungeon)
 I - +1 steam dragon scales (worn)
   (You found it on level 8 of the Dungeon)
 R - the scarf "Koithrej" (worn) {repulsion, rElec rC+ rN+ Dex-3}
   (You found it in a bailey)

   Dex-3:     It affects your dexterity (-3).
   rC+:       It protects you from cold.
   rElec:     It insulates you from electricity.
   rN+:       It protects you from negative energy.
 S - a +0 cloak of preservation
   (You found it in a bailey)
Jewellery
 c - a ring of ice
   (You found it on level 5 of the Lair of Beasts)
 d - a +6 ring of dexterity
   (You found it on level 5 of the Dungeon)
 g - an amulet of regeneration (around neck)
   (You found it on level 5 of the Dungeon)
 l - a ring of willpower
   (You found it on level 1 of the Dungeon)
 r - a ring of protection from cold
   (You found it on level 14 of the Dungeon)
 v - a ring of see invisible
   (You found it on level 7 of the Dungeon)
 A - an amulet of the acrobat
   (You found it on level 8 of the Dungeon)
 C - a ring of ice
   (You found it on level 4 of the Dungeon)
 D - a +6 ring of dexterity (right hand)
   (You found it on level 3 of the Dungeon)
 E - a +5 ring of evasion
   (You found it in a bailey)
 G - an amulet of guardian spirit
   (You found it on level 9 of the Dungeon)
 L - a ring of flight (left hand)
   (You found it on level 13 of the Dungeon)
 P - a +6 ring of dexterity
   (You found it on level 11 of the Dungeon)
 Z - a ring of wizardry
   (You found it on level 11 of the Dungeon)
Wands
 e - a wand of mindburst (18)
   (You found it on level 4 of the Lair of Beasts)
 N - a wand of roots (10)
   (You found it on level 9 of the Dungeon)
 O - a wand of digging (4)
   (You found it on level 10 of the Dungeon)
 T - a wand of acid (6)
   (You found it on level 12 of the Dungeon)
 W - a wand of flame (14)
   (You found it on level 13 of the Dungeon)
Scrolls
 b - 5 scrolls of identify {@r1}
 f - a scroll of butterflies
 j - 9 scrolls of amnesia
 m - 16 scrolls of teleportation {@r4}
 o - 6 scrolls of immolation {!r!r}
 t - 4 scrolls of vulnerability {!r!r}
 u - a scroll of blinking {!r}
 x - 2 scrolls of revelation
 z - 4 scrolls of fear
 H - 4 scrolls of silence {!r}
 U - a scroll of fog
 V - a scroll of poison {!r}
Potions
 i - 2 potions of heal wounds {@q2}
 k - 4 potions of haste {@q3}
 p - a potion of invisibility
 q - 3 potions of lignification {!q}
 s - 3 potions of berserk rage {!q}
 w - 7 potions of curing {@q1}
 y - 4 potions of enlightenment
 B - 2 potions of brilliance
 J - a potion of attraction {!q}
 K - 2 potions of ambrosia
 M - 3 potions of might
 Q - 3 potions of mutation {!q}
 Y - 2 potions of resistance
Miscellaneous
 X - a sack of spiders
   (You found it on level 14 of the Dungeon)

Dungeon Overview and Level Annotations

Branches:
Dungeon (15/15) Zot: 26937  Temple (1/1) D:4 Zot: 5998    Lair (5/5) D:9 Zot: 23246
  Swamp (0/4) Lair:3       Spider (0/4) Lair:2        Slime (0/5) Lair:4
    Orc (0/2) D:11         Vaults (0/5) D:13        Ossuary (visited)
 Bailey (visited)
 Depths: D:15

Altars:
Ashenzari
Cheibriados
Dithmenos
Fedhas
Gozag
Hepliaklqana
Kikubaaqudgha
Makhleb
Nemelex Xobeh
Okawaru
Qazlal
Ru
Sif Muna
Trog
Uskayaw
Vehumet
Wu Jian
Xom
Yredelemnul
Jiyva
Lugonu

Shops:
D:3 =   D:5 (

Portals:
Abyss: Lair:5
Trove: D:14 (give 5 scrolls of fear)

#....# #..# ####'####
########.## #.......#
#.........# #.......###
#.........# ###.......'.#
#.........# .##.......#.##
#.........# ..#.......#..#
#....>....# #.#.......##.#
#.z.......# #.'.......##.#
#@........#
###..<....##.###.........#
#.......##..##.........#
#.).....###.##.........#
#.......# #............#
######### ####.........#
#.........# ###########


You could see a skeletal warrior.


Message History

Confirm with . or Enter, or press ? or * to list all spells.
You can't see any susceptible monsters within range! (Use Z to cast anyway.)
Casting: Ensorcelled Hibernation (safe; 1% risk of failure)
Confirm with . or Enter, or press ? or * to list all spells.
Your hands begin to glow red.
Malevolent energies surge around you.
A skeletal warrior comes into view. It is wielding a +0 glaive.
The skeletal warrior hits you with a +0 mace!
The skeletal warrior closely misses you.
The skeletal warrior hits you from afar with a +0 glaive!!
You emit a cloud of dark smoke.
You hear a shout! 😮 HP[-27] MP[-3]
You take 27 damage, and now have 81/108 hp.
MASSIVE DAMAGE!! (PAUSE)
You lost 3 mp, and now have 20/23 mp.
You hit the skeletal warrior but do no damage.
Your shadow hits the skeletal warrior with a dagger.
You hear a roar! 😕 HP[+1]
You hit the skeletal warrior but do no damage.
The skeletal warrior misses you.
The skeletal warrior hits you with a +0 mace. 😮 HP[-5]
You take 5 damage, and now have 77/108 hp.
Unknown command.
You hit the skeletal warrior but do no damage.
Your shadow completely misses the skeletal warrior.
You hit the skeletal warrior but do no damage.
The skeletal warrior closely misses you.
The skeletal warrior hits you from afar with a +0 glaive! 😮 HP[-7]
You take 7 damage, and now have 70/108 hp.
You hit the skeletal warrior but do no damage.
You headbutt the skeletal warrior, but do no damage.
You hit the skeletal warrior but do no damage.
The skeletal warrior hits you with a +0 mace.
The skeletal warrior closely misses you. 😮 HP[-4] MP[+1]
You take 4 damage, and now have 66/108 hp.
Unknown command.
You hit the skeletal warrior but do no damage.
You headbutt the skeletal warrior. 😮 HP[+1]
You hit the skeletal warrior but do no damage.
Your headbutt misses the skeletal warrior.
Your shadow hits the skeletal warrior but does no damage.
The skeletal warrior hits you with a +0 mace.
A skeletal warrior comes into view. It is wielding a +0 halberd.
The skeletal warrior hits you from afar with a +0 glaive. 😮 HP[-5]
You take 5 damage, and now have 62/108 hp.
The skeletal warrior hits you from afar with a +0 glaive!
The skeletal warrior attacks as it pursues you!
The skeletal warrior hits you with a +0 mace!
* * * LOW HITPOINT WARNING * * *
You emit a cloud of dark smoke. 😨 HP[-23]
You take 23 damage, and now have 39/108 hp.
MASSIVE DAMAGE!! (PAUSE)
The skeletal warrior attacks as it pursues you!
The skeletal warrior hits you from afar with a +0 glaive!!
* * * LOW HITPOINT WARNING * * *
😱 HP[-16]
You take 16 damage, and now have 23/108 hp. 😱 HP[+1] 😱 HP[+1]
Your hands stop glowing.
There is a stone staircase leading up here. 😱 HP[+1] MP[+1]
The skeletal warrior hits you with a +0 mace.
* * * LOW HITPOINT WARNING * * *
You fly upwards.
There is a stone staircase leading down here. 😱 HP[-2]
You take 2 damage, and now have 24/108 hp.
Unknown command.
You closely miss the skeletal warrior.
Your shadow barely misses the skeletal warrior. 😱 HP[+1]
Casting: Confusing Touch (safe; 1% risk of failure)
Confirm with . or Enter, or press ? or * to list all spells.
Your hands begin to glow red.
Malevolent energies surge around you.
The skeletal warrior hits you with a +0 mace!
* * * LOW HITPOINT WARNING * * *
The skeletal warrior hits you with a +0 mace!
* * * LOW HITPOINT WARNING * * *
You hit the skeletal warrior but do no damage.
You headbutt the skeletal warrior.
Your shadow hits the skeletal warrior but does no damage.
The skeletal warrior misses you. 😱 HP[-21] MP[-2]
You take 21 damage, and now have 4/108 hp.
You lost 2 mp, and now have 20/23 mp.
You hit the skeletal warrior but do no damage.
Your shadow hits the skeletal warrior but does no damage.
Unknown command.
You closely miss the skeletal warrior.
Your headbutt misses the skeletal warrior.
The skeletal warrior hits you with a +0 mace!!
You die...

Skill      XL: |  1  2  3  4  5  6  7  8  9 10 11 12 13 14 |
---------------+-------------------------------------------+-----
Short Blades   | 1 2 3 4 5 7 8 9 10 12 | 12.3
Stealth        | 3 4 5 6 8 9 10 12 13 | 13.4
Fighting       | 1 2 3 4 5 6 7 8 9 |  9.6
Ice Magic      | 1 2 3 4 5 |  5.0
Armour         | 1 2 3 4 5 6 |  6.0
Hexes          | 4 5 6 8 9 10 | 10.0
Spellcasting   | 3 4 5 6 |  6.1
Invocations    | 3 5 7 9 |  9.7
Dodging        | 3 5 6 |  6.0

Action                     |  1- 3 |  4- 6 |  7- 9 | 10-12 | 13-15 || total
---------------------------+-------+-------+-------+-------+-------++-------
  Melee: Dagger            |   101 |   261 |   233 |   428 |   785 ||  1808
         Punch             |       |     6 |     4 |     8 |    13 ||    31
         Headbutt          |       |    28 |    56 |   107 |   210 ||   401
   Cast: Ensorcelled Hiber |       |    27 |    37 |    99 |   112 ||   275
         Confusing Touch   |       |     1 |    15 |     7 |    36 ||    59
 Invoke: Shadow Step       |       |       |       |     1 |     1 ||     2
    Use: Scroll            |     3 |     9 |    10 |     9 |     7 ||    38
         Potion            |       |     3 |       |     1 |     1 ||     5
   Stab: Sleeping          |     7 |    22 |    42 |    72 |    87 ||   230
         Paralysed         |       |     8 |    38 |    37 |    61 ||   144
         Confused          |       |     2 |     8 |     9 |    22 ||    41
         Invisible         |       |       |       |     6 |       ||     6
         Distracted        |       |       |       |     1 |     3 ||     4
 Armour: Robe              |     7 |       |       |       |       ||     7
         Leather armour    |    38 |   166 |    61 |       |       ||   265
         Steam dragon scal |       |       |    40 |   318 |   363 ||   721
  Dodge: Dodged            |    46 |   163 |   108 |   280 |   376 ||   973
         Repelled          |       |       |       |     2 |     1 ||     3

Levels and vault maps discovered:
D:1:      mushboom_english_gardens, layout_basic, ebering_ecumenical_altar_hall
D:2:      layout_basic, basic_altar
D:3:      layout_loops_ring, nicolae_wu_jian_wuxing_cycle,
          grunt_ashenzari_visionary [grunt_ashenzari_visionary_swamp,
          grunt_ashenzari_visionary_spider], serial_shops,
          nicolae_shop_tiny_statue_garden, grunt_ministairs_9,
          serial_park_tiny_1, uniq_terence
D:4:      minmay_goblin_kobold_castle, layout_loops_ring, grunt_dithmenos_smoke,
          minmay_temple_entry_overgrown
D:5:      layout_gridville, enter_ossuary_5, serial_shops,
          nicolae_shop_bloodbath_and_beyond
D:6:      layout_loops_ring, hangedman_abyss_or_decor_stagger,
          lemuel_flamethrower_2, uniq_duvessa, uniq_jeremiah
D:7:      layout_basic
D:8:      layout_rooms
D:9:      layout_basic, nicolae_ru_sacrificial_ziggurat,
          nicolae_overflow_hidden_temple, erik_lair_island
D:10:     layout_rooms, enter_bailey_2, chequers_serial_rivers_micro_d
D:11:     hellmonk_destroyed_diamonds, layout_loops_cross, david_orc_2,
          grunt_decor_cap, uniq_sonja, uniq_urug
D:12:     layout_roguey, eino_jars
D:13:     hangedman_arrow_trap, layout_cross, erik_vaults_2, minivault_11
D:14:     layout_rooms, hangedman_decor_points, nicolae_trove_entry_isolated,
          kennysheep_small_spiral, serial_bayou_lagoon_a, uniq_frances
D:15:     gammafunk_depths_entry_grave, layout_cave_pools, cheibriados_altar_1,
          serial_bayou_ford_a
Temple:   eino_temple_lava
Lair:1:   layout_hall_layers, serial_bayou, serial_bayou_lagoon_b,
          serial_bayou_shore_b, serial_bayou_shore_b, serial_bayou_shore_b
Lair:2:   layout_regular_city, spider_nest_entry_rubble,
          nicolae_quartered_pool_medium, grunt_megastairs_5
Lair:3:   layout_roguey, swamp_mist, basic_altar, grunt_megastairs_3,
          lemuel_fruit_fields, lemuel_fruit_tree, serial_bayou_shore_a
Lair:4:   layout_loops_ring, minmay_slime_entry_pillars, basic_altar
Lair:5:   hellmonk_lair_end_abyssal_woods, layout_cave_pods, basic_altar,
          kilobyte_rumbling_trees, serial_bayou_shore_b, uniq_rupert

Notes
Turn   | Place    | Note
-------+----------+-------------------------------------------
     0 | D:1      | kae the Demonspawn Enchanter began the quest for the Orb.
     0 | D:1      | Reached XP level 1. HP: 13/13 MP: 3/3
     0 | D:1      | magus.rc [v1.11.3]
    36 | D:1      | Reached skill level 1 in Short Blades
    45 | D:1      | Found a faded altar of an unknown god.
   235 | D:1      | Gained mutation: You are partially covered in molten
                  | scales. (AC +2) [demonic ancestry]
   235 | D:1      | Reached XP level 2. HP: 13/19 MP: 5/5
   268 | D:1      | Learned a level 2 spell: Ensorcelled Hibernation
   537 | D:1      | Reached skill level 3 in Stealth
   772 | D:2      | Found a hazy altar of Hepliaklqana.
   800 | D:2      | Reached XP level 3. HP: 25/25 MP: 6/6
   830 | D:2      | Reached skill level 1 in Fighting
  1016 | D:3      | Noticed Terence
  1096 | D:2      | Gained mutation: Spells you cast may paralyse adjacent
                  | enemies. [demonic ancestry]
  1096 | D:2      | Reached XP level 4. HP: 23/32 MP: 7/7
  1358 | D:2      | Learned a level 3 spell: Confusing Touch
  1388 | D:3      | Reached skill level 1 in Ice Magic
  1448 | D:3      | Found Seteuss's Jewellery Shoppe.
  1628 | D:3      | Reached skill level 2 in Short Blades
  1773 | D:3      | Found an ornate altar of the Wu Jian Council.
  1857 | D:3      | Reached XP level 5. HP: 35/37 MP: 5/8
  1891 | D:3      | Killed Terence
  1892 | D:3      | Reached skill level 1 in Armour
  2008 | D:3      | Found a broken altar of Ashenzari.
  2012 | D:3      | Saw a vision of the Swamp and the Spider Nest.
  2012 | D:3      | Noticed a redback
  2012 | D:3      | Noticed a redback
  2012 | D:3      | Noticed a pharaoh ant
  2012 | D:3      | Noticed a torpor snail
  2012 | D:3      | Noticed a pharaoh ant
  2012 | D:3      | Noticed a steelbarb worm
  2012 | D:3      | Noticed a jumping spider
  2012 | D:3      | Noticed a redback
  2012 | D:3      | Noticed a tarantella
  2012 | D:3      | Noticed a jumping spider
  2012 | D:3      | Noticed a steelbarb worm
  2012 | D:3      | Noticed a goliath frog
  2012 | D:3      | Noticed a bloated husk
  2012 | D:3      | Noticed a bloated husk
  2012 | D:3      | Noticed a vampire mosquito
  2012 | D:3      | Noticed a swamp dragon
  2012 | D:3      | Noticed a spriggan rider
  2013 | D:3      | Noticed a tarantella
  2013 | D:3      | Noticed a jumping spider
  2013 | D:3      | Noticed a goliath frog
  2014 | D:3      | Noticed a culicivora
  2014 | D:3      | Noticed a culicivora
  2018 | D:3      | Noticed an orb spider
  2247 | D:3      | Learned a level 3 spell: Tukima's Dance
  2266 | D:4      | Found a shadowy altar of Dithmenos.
  2285 | D:4      | Became a worshipper of Dithmenos the Shadowed
  2416 | D:4      | Found a staircase to the Ecumenical Temple.
  2461 | D:4      | Gained mutation: You have a pair of small horns on your
                  | head. [demonic ancestry]
  2461 | D:4      | Reached XP level 6. HP: 42/43 MP: 5/9
  2479 | Temple   | Entered the Ecumenical Temple
  2624 | D:4      | Reached skill level 4 in Hexes
  2624 | D:4      | Reached skill level 2 in Ice Magic
  2777 | D:4      | Reached * piety under Dithmenos
  2983 | D:4      | You pick up a book of Vapours and begin reading...
  2983 | D:4      | You add the spells Poisonous Vapours, Mephitic Cloud and
                  | Freezing Cloud to your library.
  3235 | D:4      | Reached ** piety under Dithmenos
  3287 | D:4      | HP: 8/44 [gnoll/+0 whip (6)]
  3302 | D:4      | Reached skill level 2 in Fighting
  3380 | D:4      | Reached skill level 4 in Stealth
  3701 | D:5      | Entered Level 5 of the Dungeon
  3703 | D:5      | Found Baim's Weapon Shoppe.
  3734 | D:5      | You add the spells Ozocubu's Armour and Ozocubu's
                  | Refrigeration to your library.
  3986 | D:5      | You fall into a shaft and drop 3 floors!
  3998 | D:8      | Reached skill level 3 in Short Blades
  3998 | D:8      | Gained mutation: You may rarely emit foul miasma when
                  | damaged in melee. [demonic ancestry]
  3998 | D:8      | Reached XP level 7. HP: 41/50 MP: 8/11
  4003 | D:7      | Reached skill level 3 in Spellcasting
  4151 | D:6      | Reached skill level 3 in Ice Magic
  4170 | D:6      | Noticed Dowan
  4223 | D:6      | Reached skill level 2 in Armour
  4227 | D:6      | Reached XP level 8. HP: 37/57 MP: 1/12
  4304 | D:5      | Found a sand-covered staircase.
  4308 | Ossuary  | Entered an ossuary
  4514 | Ossuary  | Reached skill level 5 in Hexes
  4595 | Ossuary  | Reached *** piety under Dithmenos
  4994 | D:5      | Reached skill level 4 in Short Blades
  4994 | D:5      | Reached skill level 5 in Stealth
  5555 | D:6      | Reached skill level 3 in Fighting
  5830 | D:6      | Noticed Jeremiah
  5852 | D:6      | Killed Jeremiah
  5853 | D:6      | Reached skill level 4 in Ice Magic
  6051 | D:6      | Noticed Duvessa
  6059 | D:6      | Killed Duvessa
  6060 | D:6      | Gained mutation: You are mostly covered in molten scales.
                  | (AC +3) [demonic ancestry]
  6060 | D:6      | Reached XP level 9. HP: 64/64 MP: 9/14
  6108 | D:6      | Killed Dowan
  6558 | D:7      | Reached skill level 3 in Armour
  6575 | D:7      | Reached skill level 4 in Spellcasting
  6575 | D:7      | Reached skill level 6 in Hexes
  6830 | D:7      | Reached **** piety under Dithmenos
  6831 | D:7      | Reached skill level 5 in Short Blades
  6856 | D:7      | Reached skill level 6 in Stealth
  7784 | D:9      | Reached skill level 4 in Fighting
  7784 | D:9      | Reached skill level 5 in Ice Magic
  7822 | D:9      | Reached XP level 10. HP: 73/73 MP: 8/16
  7969 | D:9      | Found a sacrificial altar of Ru.
  8050 | D:9      | Found a shimmering altar of Xom.
  8133 | D:9      | Reached skill level 7 in Hexes
  8164 | D:9      | Reached skill level 7 in Stealth
  8170 | D:9      | Reached skill level 6 in Short Blades
  8196 | D:9      | Reached skill level 4 in Armour
  8286 | D:9      | Found a staircase to the Lair.
  8297 | D:9      | Noticed a cyclops
  8315 | D:9      | Noticed a two-headed ogre
  8318 | D:9      | Killed a cyclops
  8700 | D:9      | You add the spells Ignite Poison, Sticky Flame and Ignition
                  | to your library.
  8708 | D:9      | You pick up a book of Iron and begin reading...
  8708 | D:9      | You add the spells Summon Lightning Spire, Animate Armour
                  | and Lee's Rapid Deconstruction to your library.
  8739 | D:9      | Found a bloodstained altar of Trog.
  8741 | D:9      | Found a blossoming altar of Fedhas.
  8954 | D:10     | Entered Level 10 of the Dungeon
  8993 | D:10     | Found a flagged portal.
  9006 | Bailey   | Entered a bailey
  9010 | Bailey   | Reached skill level 5 in Spellcasting
  9020 | Bailey   | Reached skill level 5 in Fighting
  9185 | Bailey   | Identified a +0 crystal plate armour
  9200 | Bailey   | HP: 18/74 [wolf (4)]
  9310 | Bailey   | Reached ***** piety under Dithmenos
  9331 | Bailey   | Reached skill level 8 in Hexes
  9363 | Bailey   | Reached skill level 8 in Stealth
  9454 | Bailey   | Identified the scarf "Koithrej" {repulsion, rElec rC+ rN+
                  | Dex-3}
  9605 | Bailey   | a +0 crystal plate armour {rare}; a +0 halberd; a gnoll
                  | skeleton
  9726 | D:10     | Noticed a two-headed ogre
  9730 | D:10     | Reached skill level 7 in Short Blades
  9730 | D:10     | Reached XP level 11. HP: 80/80 MP: 15/18
  9747 | D:10     | Killed a two-headed ogre
 10391 | D:11     | Reached skill level 5 in Armour
 10398 | D:11     | You pick up a book of the Tundra and begin reading...
 10398 | D:11     | You add the spells Hailstorm, Summon Ice Beast and
                  | Simulacrum to your library.
 10422 | D:11     | Reached skill level 1 in Invocations
 10515 | D:11     | Noticed Sonja
 10515 | D:11     | Noticed Urug
 10528 | D:11     | Killed Urug
 10529 | D:11     | Reached skill level 6 in Fighting
 10529 | D:11     | Killed Sonja
 10530 | D:11     | Reached skill level 2 in Invocations
 10536 | D:11     | a +2 eveningstar {rare}; a +4 scale mail of cold
                  | resistance; the orc corpse of Urug
 10560 | D:11     | Noticed a cyan ugly thing
 10575 | D:11     | Killed a cyan ugly thing
 10576 | D:11     | Reached skill level 9 in Stealth
 10576 | D:11     | Reached skill level 9 in Hexes
 10661 | D:11     | Reached skill level 8 in Short Blades
 10696 | D:11     | Identified the +3 ring mail "Rinijas" {rElec Int+7}
 10844 | D:11     | Found a staircase to the Orcish Mines.
 10955 | D:11     | Noticed a two-headed ogre
 10963 | D:11     | Killed a two-headed ogre
 10964 | D:11     | Reached skill level 6 in Spellcasting
 11183 | D:12     | Identified the +1 trident of Wyrd {freeze, rCorr Stlth+}
 11195 | D:12     | Noticed a four-headed hydra
 11211 | D:12     | Killed a four-headed hydra
 11212 | D:12     | Reached skill level 3 in Invocations
 11213 | D:12     | Noticed a green ugly thing
 11215 | D:12     | Reached XP level 12. HP: 77/88 MP: 14/21
 11316 | D:12     | Identified the +1 kite shield "Erydaops" {rElec}
 11602 | D:12     | Reached skill level 2 in Dodging
 11820 | D:13     | Noticed a vault guard
 11820 | D:13     | Noticed a vault guard
 11820 | D:13     | Noticed a vault guard
 11834 | D:13     | Killed a vault guard
 11835 | D:13     | Reached skill level 4 in Invocations
 11836 | D:13     | Noticed a vault guard
 11838 | D:13     | Killed a vault guard
 11851 | D:13     | Killed a vault guard
 11864 | D:13     | Noticed a vault guard
 11928 | D:13     | Noticed a vault guard
 11929 | D:13     | Killed a vault guard
 11929 | D:13     | Noticed a vault guard
 11930 | D:13     | Reached skill level 6 in Armour
 11930 | D:13     | Reached skill level 10 in Stealth
 11930 | D:13     | Reached skill level 10 in Hexes
 11943 | D:12     | Killed a vault guard
 11944 | D:12     | Reached skill level 9 in Short Blades
 12002 | D:13     | Killed a vault guard
 12003 | D:13     | Reached skill level 7 in Fighting
 12003 | D:13     | Reached skill level 3 in Dodging
 12020 | D:13     | Killed a vault guard
 12021 | D:13     | Reached skill level 5 in Invocations
 12144 | D:13     | Noticed a vault guard
 12150 | D:13     | Killed a vault guard
 12341 | D:13     | Found a gate to the Vaults.
 12403 | D:13     | Learned a level 3 spell: Dazzling Flash
 12523 | Lair:1   | Entered Level 1 of the Lair of Beasts
 12777 | Lair:1   | Gained mutation: You sometimes emit foul miasma when
                  | damaged in melee. [demonic ancestry]
 12777 | Lair:1   | Reached XP level 13. HP: 54/96 MP: 16/22
 12814 | Lair:1   | Reached ****** piety under Dithmenos
 13243 | Lair:1   | Reached skill level 6 in Invocations
 13866 | Lair:2   | Reached skill level 4 in Dodging
 13900 | Lair:2   | You fall into a shaft and drop 1 floor!
 13918 | Lair:3   | Found a staircase to the Swamp.
 13949 | Lair:2   | Reached skill level 11 in Stealth
 14054 | Lair:2   | Reached skill level 10 in Short Blades
 14247 | Lair:2   | Found a hole to the Spider Nest.
 15028 | Lair:3   | Reached skill level 8 in Fighting
 15113 | Lair:3   | Found a shimmering blue altar of Sif Muna.
 15199 | Lair:3   | Reached skill level 7 in Invocations
 16011 | Lair:4   | Found a staircase to the Slime Pits.
 16011 | Lair:4   | Found a viscous altar of Jiyva.
 16067 | Lair:4   | Reached skill level 5 in Dodging
 16397 | Lair:4   | Found an opulent altar of Gozag.
 16826 | Lair:5   | Entered Level 5 of the Lair of Beasts
 17065 | Lair:5   | Reached skill level 12 in Stealth
 17255 | Lair:5   | Gained mutation: Spells you cast may paralyse nearby
                  | enemies. [demonic ancestry]
 17255 | Lair:5   | Reached XP level 14. HP: 88/106 MP: 23/23
 17264 | Lair:5   | Reached skill level 11 in Short Blades
 17269 | Lair:5   | Reached skill level 8 in Invocations
 17307 | Lair:5   | HP: 26/106 [death yak (11)]
 17317 | Lair:5   | HP: 20/106 [death yak (12)]
 17884 | Lair:5   | Noticed Rupert
 17887 | Lair:5   | Killed Rupert
 18344 | Lair:5   | Reached skill level 9 in Fighting
 18406 | Lair:5   | Reached skill level 6 in Dodging
 18809 | Lair:5   | Reached skill level 9 in Invocations
 18907 | Lair:5   | HP: 25/108 [large abomination (25)]
 18913 | Lair:5   | HP: 8/108 [large abomination (18)]
 18925 | Lair:5   | HP: 21/108 [chaos spawn (14)]
 18937 | Lair:5   | HP: 15/108 [thrashing horror (3)]
 19198 | Lair:5   | Reached skill level 13 in Stealth
 19314 | Lair:5   | Reached skill level 12 in Short Blades
 19322 | Lair:5   | Found a corrupted altar of Lugonu.
 19322 | Lair:5   | Found a one-way gate to the infinite horrors of the Abyss.
 19336 | Lair:5   | You add the spells Momentum Strike, Scorch, Starburst and
                  | Fire Storm to your library.
 19336 | Lair:5   | Got the Compendium of Calefaction and Geometries
 19738 | D:14     | Noticed Frances
 19740 | D:14     | Killed Frances
 19820 | D:14     | Found a portal to a secret trove of treasure.
 20386 | D:14     | HP: 25/108 [death knight/+3 halberd (5)]
 20389 | D:14     | HP: 10/108 [??? (5)]
 20500 | D:15     | Entered Level 15 of the Dungeon
 20557 | D:13     | HP: 23/108 [skeletal warrior/+0 glaive (18)]
 20564 | D:12     | HP: 12/108 [skeletal warrior/+0 mace (14)]
 20565 | D:12     | HP: 3/108 [skeletal warrior/+0 mace (10)]
 20568 | D:12     | Mangled by a skeletal warrior

Vanquished Creatures
  Rupert (Lair:5)
  Frances (D:14)
  8 vault guards
  A centaur warrior (D:14)
  3 hydras
  A death knight (D:14)
  3 boulder beetles
  2 two-headed ogres
  5 death yaks (Lair:5)
  3 thrashing horrors (Lair:5)
  Urug (D:11)
  A skyshark (Lair:5)
  Sonja (D:11)
  3 large abominations (Lair:5)
  6 cyclopes
  9 ugly things
  3 manticores
  13 elephants
  A black mamba (Lair:2)
  A cane toad (shapeshifter) (Lair:5)
  2 smoke demons (Lair:5)
  A torpor snail (Lair:4)
  13 cane toads
  A gargoyle (D:11)
  Jeremiah (D:6)
  6 komodo dragons
  A rime drake (Lair:3)
  An efreet (D:14)
  A tengu conjurer (D:14)
  2 unseen horrors
  4 trolls
  3 polar bears
  A hornet (shapeshifter) (D:13)
  3 meliai (D:12)
  11 blink frogs (Lair:5)
  A raiju (Lair:5)
  A ynoxinul (Lair:5)
  3 slime creatures (Lair:4)
  A jumping spider (Lair:2)
  2 vampires
  3 wraiths
  6 wyverns
  A culicivora (Lair:2)
  4 vampire mosquitoes (D:14)
  2 steam dragons
  8 basilisks
  62 yaks
  2 chaos spawn (Lair:5)
  10 small abominations (Lair:5)
  Duvessa (D:6)
  An acid dragon (D:12)
  An ice beast (D:6)
  5 orc warriors
  15 water moccasins
  A sky beast (D:7)
  A black bear (Lair:2)
  4 boggarts (Lair:5)
  10 centaurs
  An ogre (D:6)
  32 wolves
  A phantom (D:6)
  2 kobold brigands (D:8)
  9 bullfrogs
  9 gnoll sergeants
  2 scorpions
  12 wights
  Dowan (D:6)
  6 killer bees
  4 howler monkeys
  2 electric eels (Lair:3)
  5 gnoll boudas
  7 hounds
  4 jellies
  3 sleepcaps
  Terence (D:3)
  2 iguanas
  7 orc wizards
  13 mummies (Ossuary)
  29 gnolls
  4 adders
  A shadow imp (D:7)
  A worm (D:3)
  A dart slug (D:2)
  31 orcs
  6 ball pythons
  8 bats
  10 endoplasms
  4 giant cockroaches
  12 goblins
  8 hobgoblins
  51 kobolds
  2 quokkas
  4 frilled lizards
  5 gnoll skeletons (Ossuary)
  A kobold skeleton (Ossuary)
  2 orc skeletons (Ossuary)
  3 rats
  11 rat skeletons (Ossuary)
580 creatures vanquished.

Vanquished Creatures (others)
  An ogre (D:6)
  3 gnolls (D:6)
4 creatures vanquished.

Grand Total: 584 creatures vanquished

Table legend:
 A = Non-vault XP
 B = Vault XP
 C = Vault XP percentage of total XP
 D = Non-vault monster count
 E = Vault monster count
 F = Vault count percentage of total count
                 A         B        C        D         E       F
            +---------+---------+-------+---------+---------+-------
      Total |   64146 |   35692 |  35.7 |     371 |     209 |  36.0
            +---------+---------+-------+---------+---------+-------
        D:1 |      33 |       0 |   0.0 |      18 |       0 |   0.0
        D:2 |      67 |       0 |   0.0 |      14 |       0 |   0.0
        D:3 |     174 |      40 |  18.7 |      27 |       3 |  10.0
        D:4 |     231 |     139 |  37.6 |      22 |      44 |  66.7
        D:5 |     168 |       0 |   0.0 |       6 |       0 |   0.0
        D:6 |     903 |     610 |  40.3 |      22 |       3 |  12.0
        D:7 |     933 |       0 |   0.0 |      13 |       0 |   0.0
        D:8 |     796 |       0 |   0.0 |      23 |       0 |   0.0
        D:9 |    3093 |     871 |  22.0 |      23 |       8 |  25.8
       D:10 |    4088 |       0 |   0.0 |      25 |       0 |   0.0
       D:11 |    4693 |    1831 |  28.1 |      15 |       7 |  31.8
       D:12 |    5231 |    1927 |  26.9 |      16 |       7 |  30.4
       D:13 |     762 |    6148 |  89.0 |       2 |       8 |  80.0
       D:14 |    5180 |    3209 |  38.3 |      13 |       4 |  23.5
       D:15 |     510 |       0 |   0.0 |       1 |       0 |   0.0
     Lair:1 |    6846 |       0 |   0.0 |      31 |       0 |   0.0
     Lair:2 |    5639 |     906 |  13.8 |      24 |       4 |  14.3
     Lair:3 |    6451 |     560 |   8.0 |      27 |       2 |   6.9
     Lair:4 |    3647 |     723 |  16.5 |      17 |       4 |  19.0
     Lair:5 |   14701 |   16417 |  52.8 |      32 |      49 |  60.5
    Ossuary |       0 |     252 | 100.0 |       0 |      32 | 100.0
     Bailey |       0 |    2059 | 100.0 |       0 |      34 | 100.0
            +---------+---------+-------+---------+---------+-------

Skill      XL: |  1  2  3  4  5  6  7  8  9 10 11 12 13 14 |
---------------+-------------------------------------------+-----
Short Blades   | 1 2 3 4 5 7 8 9 10 12 | 12.3
Stealth        | 3 4 5 6 8 9 10 12 13 | 13.4
Fighting       | 1 2 3 4 5 6 7 8 9 |  9.6
Ice Magic      | 1 2 3 4 5 |  5.0
Armour         | 1 2 3 4 5 6 |  6.0
Hexes          | 4 5 6 8 9 10 | 10.0
Spellcasting   | 3 4 5 6 |  6.1
Invocations    | 3 5 7 9 |  9.7
Dodging        | 3 5 6 |  6.0

Action                     |  1- 3 |  4- 6 |  7- 9 | 10-12 | 13-15 || total
---------------------------+-------+-------+-------+-------+-------++-------
  Melee: Dagger            |   101 |   261 |   233 |   428 |   785 ||  1808
         Punch             |       |     6 |     4 |     8 |    13 ||    31
         Headbutt          |       |    28 |    56 |   107 |   210 ||   401
   Cast: Ensorcelled Hiber |       |    27 |    37 |    99 |   112 ||   275
         Confusing Touch   |       |     1 |    15 |     7 |    36 ||    59
 Invoke: Shadow Step       |       |       |       |     1 |     1 ||     2
    Use: Scroll            |     3 |     9 |    10 |     9 |     7 ||    38
         Potion            |       |     3 |       |     1 |     1 ||     5
   Stab: Sleeping          |     7 |    22 |    42 |    72 |    87 ||   230
         Paralysed         |       |     8 |    38 |    37 |    61 ||   144
         Confused          |       |     2 |     8 |     9 |    22 ||    41
         Invisible         |       |       |       |     6 |       ||     6
         Distracted        |       |       |       |     1 |     3 ||     4
 Armour: Robe              |     7 |       |       |       |       ||     7
         Leather armour    |    38 |   166 |    61 |       |       ||   265
         Steam dragon scal |       |       |    40 |   318 |   363 ||   721
  Dodge: Dodged            |    46 |   163 |   108 |   280 |   376 ||   973
         Repelled          |       |       |       |     2 |     1 ||     3

Illustrated notes

Table legend:
 A = Kills in this place as a percentage of kills in the entire game.
 B = Kills by you in this place as a percentage of kills by you in the entire game.
 C = Kills by friends in this place as a percentage of kills by friends in the entire game.
 D = Other kills in this place as a percentage of other kills in the entire game.
 E = Experience gained in this place as a percentage of experience gained in the entire game.
 F = Experience gained in this place divided by the number of levels of this place that you have seen.
                   A       B       C       D       E      F
               +-------+-------+-------+-------+-------+----------------------
         Total | 100.0 | 100.0 |   N/A |   N/A | 100.0 | 4340.8
       Dungeon |  55.9 |  55.9 |   N/A |   N/A |  41.7 | 2775.8
          Lair |  32.8 |  32.8 |   N/A |   N/A |  56.0 | 11178.0
       Ossuary |   5.5 |   5.5 |   N/A |   N/A |   0.3 | 252.0
        Bailey |   5.9 |   5.9 |   N/A |   N/A |   2.1 | 2059.0
               +-------+-------+-------+-------+-------+----------------------

Table legend: (Time is in decaauts)
 A = Elapsed time spent in this place.
 B = Non-inter-level travel time spent in this place.
 C = Inter-level travel time spent in this place.
 D = Time resting spent in this place.
 E = Time spent auto-exploring this place.
 F = Levels seen in this place.
 G = Mean time per level.
                   A        B        C        D        E       F      G
               +--------+--------+--------+--------+--------+-----+--------+
         Total |  20033 |  18875 |   1158 |   1150 |  13335 |  23 |  871.0 |
       Dungeon |  12178 |  11329 |    849 |    558 |   7973 |  15 |  811.9 |
        Temple |      1 |      0 |      1 |      0 |      0 |   1 |    1.0 |
          Lair |   6753 |   6446 |    307 |    517 |   4722 |   5 | 1350.6 |
       Ossuary |    475 |    475 |      0 |      0 |    315 |   1 |  475.0 |
        Bailey |    623 |    623 |      0 |     75 |    324 |   1 |  623.0 |
               +--------+--------+--------+--------+--------+-----+--------+

Top non-repeatable levels by time:
  Lair:5: 2440 daAuts
     D:4: 1432 daAuts
  Lair:1: 1342 daAuts
     D:9: 1139 daAuts
  Lair:3: 1059 daAuts
     D:6: 1054 daAuts
  Lair:2: 1008 daAuts
     D:5: 970 daAuts
     D:3: 916 daAuts
  Lair:4: 902 daAuts
    D:11: 896 daAuts
     D:7: 862 daAuts
    D:12: 808 daAuts
    D:14: 800 daAuts
     D:8: 736 daAuts
